 Dungeon Crawl Stone Soup version 0.24.0-13-gcf9b319 (webtiles) character file.

Game seed: 1466171952212031971, levelgen mode: deterministic

733 Calico the Caller (level 7, -10/46 HPs)
             Began as a Vampire Summoner on Feb 5, 2020.
             Mangled by a hornet (18 damage)
             ... on level 5 of the Dungeon.
             The game lasted 00:59:12 (3899 turns).

Calico the Caller (Vampire Summoner)                Turns: 3899, Time: 00:59:12

Health: -10/46     AC:  2    Str:  9    XL:     7   Next: 45%
Magic:  3/13       EV: 12    Int: 20    God:
Gold:   464        SH:  0    Dex: 14    Spells: 5/15 levels left

rFire    . . .     SeeInvis +   w - staff of wizardry
rCold    . . .     Gourm    .   (no shield)
rNeg     . . .     Faith    .   a - +0 robe
rPois    .         Spirit   .   (no helmet)
rElec    .         Reflect  .   (no cloak)
rCorr    .         Harm     .   (no gloves)
MR       .....                  (no boots)
Stlth    ++........             (no amulet)
HPRegen  0.35/turn              l - +2 ring of strength
MPRegen  0.13/turn              (no ring)

@: regenerating quickly
A: no food, fangs 3, see invisible, unbreathing
a: Exsanguinate


You were on level 5 of the Dungeon.
You were alive.

You visited 1 branch of the dungeon, and saw 5 of its levels.

You collected 464 gold pieces.

Inventory:

Hand Weapons
 e - a +3 scythe
Armour
 a - a +0 robe (worn)
Magical Staves
 w - an uncursed staff of wizardry (weapon)
Jewellery
 h - an uncursed ring of positive energy
 l - a +2 ring of strength (left hand)
Wands
 B - a wand of iceblast (4)
 V - a wand of flame (14)
Scrolls
 b - a scroll of magic mapping
 g - 3 scrolls of teleportation
 i - 2 scrolls of remove curse
 j - a scroll of fear
 m - a scroll of blinking
 n - 5 scrolls of identify
 r - a scroll of immolation {unknown}
 W - a scroll of amnesia {unknown}
Potions
 c - 2 potions of agility
 d - 2 potions of cancellation
 f - 2 potions of heal wounds
 k - a potion of lignification {unknown}
 o - 2 potions of ambrosia {unknown}
 p - a potion of degeneration {unknown}
 q - a potion of flight {unknown}


   Skills:
 - Level 2.1 Dodging
 - Level 3.0 Stealth
 + Level 4.5 Spellcasting
 * Level 7.6 Summonings
 * Level 2.2 Ice Magic


You had 5 spell levels left.
You knew the following spells:

 Your Spells              Type           Power        Failure   Level  Hunger
b - Summon Ice Beast      Ice/Summ       ###.....     6%          4    N/A
c - Call Canine Familiar  Summ           #####...     1%          3    N/A
x - Call Imp              Summ           #####...     1%          2    N/A
z - Summon Small Mammal   Summ           ####         1%          1    N/A

Your spell library contained the following spells:

 Spells                   Type           Power        Failure   Level  Hunger
 Summon Guardian Golem    Hex/Summ       ###.....     3%          3    N/A
 Summon Lightning Spire   Summ/Air       ###.....     11%         4    N/A

Dungeon Overview and Level Annotations

Branches:
Dungeon (5/15)
 Temple: D:4-7

Altars:
Makhleb
Okawaru

Annotations:
D:5 3 runed translucent doors, Cheops's ghost, amateur DsAK


Innate Abilities, Weirdness & Mutations

You do not eat.
Your natural rate of healing is unusually fast.
You have razor-sharp teeth.
You have supernaturally acute eyesight. (SInv)
You can survive without breathing.


Message History

Aim: a hornet Attack!
The hornet stings you.
You feel yourself slow down.
Your ice beast hits the hornet but does no damage.
Your ice beast hits the leopard gecko.
Your ice beast freezes the leopard gecko!
The leopard gecko dies!
The hornet closely misses you.
You feel yourself speed up. The ice beast hits your ice beast.
The ice beast freezes your ice beast.
Your ice beast completely resists.
The hornet barely misses you.
The centaur wields a +3 shortbow.
The centaur shoots an arrow.
The arrow hits you! The hornet closely misses you.
You see here an arrow.
The centaur shoots an arrow.
The arrow hits you!
* * * LOW HITPOINT WARNING * * *
You see here an arrow.
The centaur shoots an arrow.
The arrow closely misses you. The hornet stings you!!
You die...

....##...#..#,,,#...#...y....##..
.)..#.......#,,,##...#.8..8.##..#
....#........,,,,#...########...#
....'.......#,,,###............##
.#..#.....#.###+#.#............#
.#..#.....#+#.....##..........##
.#..#.####..(......#.........##
......####.......a..###.######
................@y(YY.).##
....#.....#.#....#.c.....#
..........#.#....#.......#***
.................+...._.....*
............#....#........##*
###.#.....###....#.......##
,...#.....# #....#....####
##..#.....# #.####....#
*#,,#.....# #.# ######


You could see a hornet, an ice beast, a centaur, a worker ant and a friendly ice
beast.

Vanquished Creatures
  A crimson imp (D:5)
  An orc priest (D:5)
  An iguana (D:5)
  A hound skeleton (D:4)
  3 adders
  2 dart slugs
  2 leopard geckos
  2 orcs (D:5)
  5 bats
  5 giant cockroaches
  4 goblins
  3 hobgoblins
  3 quokkas
  2 frilled lizards
  3 kobolds
  3 rats
41 creatures vanquished.

Vanquished Creatures (collateral kills)
  Sigmund (D:2)
  Duvessa (D:5)
  2 ogres (D:5)
  Dowan (D:5)
  A scorpion (D:5)
  A water moccasin skeleton (D:4)
  2 crimson imps (D:5)
  2 orc priests (D:4)
  An orc wizard (D:5)
  Jessica (D:2)
  2 iguanas
  Ijyb (D:3)
  4 worker ants
  A gnoll (D:3)
  3 adders
  An ooze (D:5)
  2 adder zombies (D:5)
  A leopard gecko (D:5)
  15 orcs
  A ball python (D:2)
  5 bats
  3 giant cockroaches
  6 goblins
  7 hobgoblins
  3 jackals (D:1)
  2 quokkas
  7 frilled lizards
  9 kobolds
  3 rats
89 creatures vanquished.

Grand Total: 130 creatures vanquished

Notes
Turn   | Place    | Note
-------+----------+-------------------------------------------
     0 | D:1      | Calico the Vampire Summoner began the quest for the Orb.
     0 | D:1      | Reached XP level 1. HP: 13/13 MP: 3/3
   143 | D:1      | Reached XP level 2. HP: 10/19 MP: 5/5
   147 | D:1      | Learned a level 2 spell: Call Imp
   829 | D:2      | Noticed Jessica
   837 | D:2      | Killed Jessica
   837 | D:2      | Reached XP level 3. HP: 21/24 MP: 0/6
   848 | D:2      | Learned a level 3 spell: Call Canine Familiar
   858 | D:2      | Reached skill level 5 in Summonings
   980 | D:2      | Noticed Sigmund
   995 | D:2      | Killed Sigmund
   995 | D:2      | Reached XP level 4. HP: 13/30 MP: 1/8
  1112 | D:2      | Reached XP level 5. HP: 31/35 MP: 7/9
  1529 | D:3      | Reached skill level 6 in Summonings
  1805 | D:3      | Noticed Ijyb
  1827 | D:3      | Killed Ijyb
  1923 | D:3      | Learned a level 4 spell: Summon Ice Beast
  2340 | D:4      | Reached XP level 6. HP: 20/41 MP: 6/11
  2463 | D:4      | Found an iron altar of Okawaru.
  3103 | D:5      | Entered Level 5 of the Dungeon
  3119 | D:4      | Reached skill level 1 in Ice Magic
  3229 | D:5      | Found a runed translucent gate.
  3229 | D:5      | Found a runed translucent gate.
  3229 | D:5      | Found a runed translucent gate.
  3231 | D:5      | Noticed a yak
  3234 | D:5      | Noticed Cheops's ghost (amateur DsAK)
  3317 | D:5      | Reached skill level 7 in Summonings
  3327 | D:5      | Reached XP level 7. HP: 46/46 MP: 3/13
  3370 | D:5      | HP: 2/46 [poisoned by a scorpion]
  3497 | D:5      | Noticed Duvessa
  3499 | D:5      | Noticed Dowan
  3507 | D:5      | Killed Duvessa
  3515 | D:5      | Killed Dowan
  3622 | D:5      | Found a burning altar of Makhleb.
  3840 | D:5      | Noticed a hornet
  3899 | D:5      | Mangled by a hornet

Levels and vault maps discovered:
D:1:      noname_arrival_rooms_in_the_neighbourhood, layout_rooms,
          chequers_arboretum, lemuel_old_faithful
D:2:      layout_rooms, st_stairs_6, minmay_misc_feat_rows, minmay_tall_x,
          uniq_sigmund, uniq_jessica
D:3:      minmay_octagon_keep, layout_loops_ring, first_ration, uniq_ijyb
D:4:      layout_loops_ring, kennysheep_okawaru_gauntlet
D:5:      layout_basic, basic_altar, gammafunk_ghost_split, grunt_ministairs_5,
          st_stairs_8, nzn_random_ring, uniq_duvessa

Skill      XL: |  1  2  3  4  5  6  7 |
---------------+----------------------+-----
Summonings     | 5 6 7 |  7.6
Spellcasting   | 3 4 |  4.5
Ice Magic      | 1 2 |  2.2
Dodging        | |  2.1
Stealth        | |  3.0

Action                   |  1- 3 |  4- 6 |  7- 9 || total
-------------------------+-------+-------+-------++-------
Melee: Unarmed           |   127 |       |       ||   127
       Bite              |     7 |     8 |       ||    15
       Scythe            |       |   116 |    26 ||   142
 Cast: Summon Small Mamm |    18 |    23 |     4 ||    45
       Call Imp          |     8 |     2 |     2 ||    12
       Call Canine Famil |     1 |     8 |     2 ||    11
       Summon Ice Beast  |       |     9 |    11 ||    20
  Use: Scroll            |     4 |     5 |     2 ||    11
       Potion            |       |       |     2 ||     2
 Stab: Sleeping          |     5 |    12 |       ||    17
       Distracted        |     1 |     2 |       ||     3
Armor: Robe              |    22 |    23 |     4 ||    49
Dodge: Dodged            |    74 |    95 |    30 ||   199
